 Dungeon Crawl Stone Soup version 0.16.1-5-gaa23807 (webtiles) character file.

11555 inmateoo the Destroyer (level 11, -6/68 HPs)
             Began as an Octopode Conjurer on Mar 28, 2015.
             Was an Elder of Vehumet.
             Mangled by a cyan ugly thing (15 damage)
             ... on level 10 of the Dungeon.
             The game lasted 00:30:31 (12613 turns).

inmateoo the Destroyer (Octopode Conjurer)         Turns: 12613, Time: 00:30:31

Health: -6/68      AC:  1    Str:  7    XL:     11   Next: 79%
Magic:  25/26      EV: 15    Int: 18    God:    Vehumet [****..]
Gold:   587        SH:  0    Dex: 17    Spells: 6 memorised, 3 levels left

rFire  . . .     SeeInvis .     G - staff of poison
rCold  . . .     Clarity  .     (no shield)
rNeg   + . .     SustAb   .     (helmet restricted)
rPois  +         Gourm    .     F - amulet of regeneration
rElec  .         Spirit   .     y - +5 ring of dexterity
rCorr  .         Warding  .     J - ring of positive energy
rMut   .         Stasis   .     v - ring of ice
MR     .....                    H - ring of fire
Stlth  +++++.....               (no ring)
                                (no ring)
                                (no ring)
                                (no ring)

@: invisible, not resistant to hostile enchantments, quite stealthy
A: almost no armour, amphibious, 8 rings, constrict 8, camouflage 1, dopey 2,
gelatinous body 1
a: Renounce Religion


You were on level 10 of the Dungeon.
You worshipped Vehumet.
Vehumet was greatly pleased with you.
You were very hungry.

You visited 2 branches of the dungeon, and saw 12 of its levels.

You collected 587 gold pieces.

Inventory:

Hand weapons
 p - a +0 hand axe of electrocution
 z - a +0 quarterstaff of freezing
 C - a +1 whip of freezing
 E - a +1 trident of venom
Armour
 h - a +0 buckler
Magical staves
 G - an uncursed staff of poison (weapon)
 M - an uncursed staff of earth
Jewellery
 a - an uncursed amulet of rage
 v - a ring of ice (on tentacle)
 y - a +5 ring of dexterity (left tentacle)
 F - an amulet of regeneration (around mantle)
 H - a ring of fire (on tentacle)
 J - a ring of positive energy (right tentacle)
Magical devices
 j - a wand of enslavement (0)
 n - a wand of magic darts (32)
 u - a wand of paralysis (17)
 D - a wand of fireball (6)
 L - a wand of confusion (34)
Scrolls
 e - 2 scrolls of amnesia
 g - a scroll of teleportation
 k - a scroll of magic mapping
 q - 3 scrolls of remove curse
 w - 2 scrolls of recharging
 K - a scroll of enchant weapon
Potions
 r - a potion of cancellation
 t - a potion of berserk rage
 x - a potion of agility
 A - a potion of haste {unknown}
 B - a potion of beneficial mutation {unknown}
Books
 c - a book of Conjurations

   Spells                             Type                      Level
   a - Magic Dart                     Conjuration                  1
   b - Searing Ray                    Conjuration                  2
   c - Dazzling Spray                 Conjuration/Hexes            3
   d - Fulminant Prism                Conjuration/Hexes            4
   e - Iskenderun's Mystic Blast      Conjuration                  4
   f - Iskenderun's Battlesphere      Conjuration/Charms           5
 d - a book of Ice

   Spells                             Type                      Level
   a - Ice Form                       Ice/Transmutation            4
   b - Metabolic Englaciation         Hexes/Ice                    5
   c - Ozocubu's Refrigeration        Ice                          6
   d - Bolt of Cold                   Conjuration/Ice              6
   e - Freezing Cloud                 Conjuration/Ice/Air          6
   f - Simulacrum                     Ice/Necromancy               6
 i - a book of Debilitation

   Spells                             Type                      Level
   a - Corona                         Hexes                        1
   b - Slow                           Hexes                        2
   c - Inner Flame                    Hexes/Fire                   3
   d - Enslavement                    Hexes                        4
   e - Cause Fear                     Hexes                        4
   f - Leda's Liquefaction            Hexes/Earth                  4
 l - a book of the Sky

   Spells                             Type                      Level
   a - Flight                         Charms/Air                   3
   b - Airstrike                      Air                          4
   c - Silence                        Hexes/Air                    5
   d - Deflect Missiles               Charms/Air                   6
   e - Conjure Ball Lightning         Conjuration/Air              6
   f - Tornado                        Air                          9
 m - a book of the Warp

   Spells                             Type                      Level
   a - Recall                         Summoning/Translocation      3
   b - Control Teleport               Charms/Translocation         4
   c - Force Lance                    Conjuration/Translocation    4
   d - Phase Shift                    Translocation                5
   e - Warp Weapon                    Charms/Translocation         5
   f - Gell's Gravitas                Hexes/Translocation          5
   g - Summon Forest                  Summoning/Translocation      5
 s - a book of Death

   Spells                             Type                      Level
   a - Corpse Rot                     Necromancy                   2
   b - Sublimation of Blood           Necromancy                   2
   c - Agony                          Necromancy                   5
   d - Dispel Undead                  Necromancy                   5
   e - Excruciating Wounds            Charms/Necromancy            5
   f - Bolt of Draining               Conjuration/Necromancy       5
 I - the Volume of Unstable Talismans
   (You found it on level 10 of the Dungeon)

   Spells                             Type                      Level
   a - Infusion                       Charms                       1
   b - Flight                         Charms/Air                   3
   c - Spectral Weapon                Hexes/Charms                 3
   d - Alistair's Intoxication        Transmutation/Poison         4
   e - Ignite Poison                  Fire/Transmutation           5
Comestibles
 b - 5 bread rations
 f - 2 beef jerkies


   Skills:
 - Level 3.7 Fighting
 + Level 4.7 Dodging
 - Level 6.3 Stealth
 + Level 7.2 Spellcasting
 + Level 9.7 Conjurations
 - Level 6.0 Charms
 - Level 4.1 Transmutations
 + Level 8.0 Ice Magic
 * Level 5.5 Air Magic


You had 3 spell levels left.
You knew the following spells:

 Your Spells              Type           Power        Failure   Level  Hunger
a - Magic Dart            Conj           ####         1%          1    None
b - Searing Ray           Conj           #####.       1%          2    None
c - Dazzling Spray        Conj/Hex       ###.....     1%          3    #......
d - Ice Form              Ice/Trmt       ####....     12%         4    ###....
e - Iskenderun's Battles  Conj/Chrm      ####....     4%          5    #####..
f - Freezing Cloud        Conj/Ice/Air   ####......   26%         6    ######.


Dungeon Overview and Level Annotations

Branches:
Dungeon (11/15)            Temple (1/1) D:4            Lair (0/8) D:11
    Orc (0/4) D:9

Altars:
Ashenzari
Cheibriados
Dithmenos
Elyvilon
Fedhas
Gozag
Kikubaaqudgha
Makhleb
Nemelex Xobeh
Okawaru
Qazlal
Sif Muna
Trog
Vehumet
Xom
Yredelemnul
Zin
The Shining One

Shops:
D:6 [   D:8 [

Annotations:
D:5 Grinder
D:7 exclusion: 4 doors


Innate Abilities, Weirdness & Mutations

You cannot wear most types of armour.
You are amphibious.
You can wear up to eight rings at the same time.
You can use your tentacles to constrict many enemies at once.
Your skin changes colour to match your surroundings (Stealth).
Your rubbery body absorbs attacks (AC +1).
You are very dopey. (Int -4)


Message History

Things that are here:
an uncursed blowgun; 3 curare-tipped needles You see here 3 stones.
The cyan ugly thing barely misses you.
Things that are here:
a short sword; an orc corpse The cyan ugly thing engulfs you!
The cyan ugly thing shocks you! The cyan ugly thing engulfs you!
The cyan ugly thing shocks you!
There is a stone staircase leading up here.
The cyan ugly thing engulfs you. The cyan ugly thing shocks you!
* * * LOW HITPOINT WARNING * * *
You climb upwards.
There is a stone staircase leading down here.
Unknown command.
Read which item? (? for menu, Esc to quit)
Okay, then.
Drink which item? (? for menu, Esc to quit)
You fade into invisibility!
The cyan ugly thing engulfs you!
You die...

# #.#.###..# #
#.#...#..# #
#.#.#.#..# ######
#.#.#.#..# #....#
#.#.#.#..# #....#
#.#.#.#..# #....#
#.#.#.#..##
#....#####.#.#.#...#
'...............@u.#
#....#####.#.#...#.#
#....# #.#.###.#.#
###### #.#.....#.#
[..# #.#######.#
##.#######..ยง..#
#.# #.##....#####.#
#.#### #.##....# #.#
#....# #)##....#
#.######.#


You could see a cyan ugly thing.

Vanquished Creatures
  Josephine (D:10)
  Fannar (D:10)
  3 hill giants
  Pikel (D:6)
  2 two-headed ogres
  Sonja (D:10)
  2 trolls
  6 wraiths (D:10)
  A wyvern (D:10)
  A steam dragon (D:11)
  3 yaks (D:9)
  A hippogriff (D:10)
  Grum (D:10)
  3 wargs (D:9)
  4 wolves (D:10)
  2 water moccasins
  2 orc warriors
  2 sky beasts
  A phantom (D:11)
  A necrophage (D:8)
  2 black bears
  3 centaurs
  2 slaves (D:6)
  11 ice beasts
  A crocodile (D:10)
  12 big kobolds
  4 giant frogs
  2 scorpions
  The ghost of Radiman the Chopper, a weakling CeFi (D:3)
  6 killer bees (D:10)
  A water moccasin skeleton (D:8)
  3 crimson imps
  A giant frog zombie (D:8)
  4 hounds
  A quasit (D:10)
  2 jellies
  2 centaur skeletons
  2 giant frog skeletons
  4 orc priests
  6 worker ants
  4 iguanas
  3 orc wizards
  A hound zombie (D:6)
  10 gnolls
  A worker ant zombie (D:10)
  13 adders
  A river rat (D:11)
  4 shadow imps
  An adder skeleton (D:4)
  7 giant geckos
  2 oozes
  29 orcs
  3 ball pythons
  2 bat skeletons (D:6)
  20 hobgoblins
  4 jackals (D:6)
  35 kobolds
  A quokka (D:2)
  17 bats
  4 giant cockroaches
  8 giant newts
  13 goblins
  A jackal skeleton (D:4)
  2 quokka skeletons
  20 rats
315 creatures vanquished.

Vanquished Creatures (others)
  A centaur (D:6)
1 creature vanquished.

Grand Total: 316 creatures vanquished

Notes
Turn   | Place    | Note
--------------------------------------------------------------
     0 | D:1      | inmateoo, the Octopode Conjurer, began the quest for the Orb.
     0 | D:1      | Reached XP level 1. HP: 11/11 MP: 3/3
   251 | D:1      | Reached XP level 2. HP: 13/17 MP: 4/4
   337 | D:1      | Learned a level 2 spell: Searing Ray
   798 | D:1      | Reached XP level 3. HP: 21/21 MP: 3/6
   803 | D:1      | Learned a level 3 spell: Dazzling Spray
  1420 | D:2      | Found a blossoming altar of Fedhas.
  1425 | D:2      | Reached XP level 4. HP: 27/27 MP: 1/8
  1879 | D:3      | Noticed Radiman's ghost (weakling CeFi)
  1967 | D:3      | HP: 1/27 [orc/flail (7)]
  2055 | D:3      | Found a glowing golden altar of the Shining One.
  2181 | D:3      | Reached skill level 1 in Fighting
  2436 | D:3      | Reached XP level 5. HP: 33/33 MP: 4/9
  2669 | D:3      | Killed Radiman's ghost
  2669 | D:3      | Reached skill level 5 in Conjurations
  3065 | D:4      | Found a staircase to the Ecumenical Temple.
  3144 | Temple   | Entered the Ecumenical Temple
  3224 | Temple   | Became a worshipper of Vehumet
  3422 | D:4      | Reached XP level 6. HP: 28/39 MP: 0/12
  4343 | D:5      | Entered Level 5 of the Dungeon
  4343 | D:5      | Found a glowing golden altar of the Shining One.
  4433 | D:5      | Learned a level 4 spell: Ice Form
  4444 | D:5      | Reached skill level 5 in Stealth
  4448 | D:5      | Reached XP level 7. HP: 42/45 MP: 5/14
  4484 | D:5      | Acquired Vehumet's first power
  4484 | D:5      | Offered knowledge of Sandblast by Vehumet.
  4739 | D:5      | Reached skill level 1 in Ice Magic
  4868 | D:5      | Noticed Grinder
  4879 | D:5      | Paralysed by Grinder for 2 turns
  5375 | D:6      | Found a snail-covered altar of Cheibriados.
  5534 | D:6      | Found a shadowy altar of Dithmenos.
  5738 | D:6      | Reached skill level 6 in Conjurations
  5872 | D:6      | Found Gufo's Antique Armour Boutique.
  5953 | D:6      | Noticed Pikel
  5974 | D:6      | Killed Pikel
  5974 | D:6      | Reached XP level 8. HP: 18/52 MP: 3/17
  7147 | D:8      | Reached skill level 7 in Conjurations
  7154 | D:8      | Learned a level 5 spell: Iskenderun's Battlesphere
  7161 | D:8      | Found Trel's Antique Armour Boutique.
  7174 | D:8      | Reached XP level 9. HP: 55/58 MP: 6/20
  7204 | D:7      | Reached skill level 1 in Charms
  7405 | D:8      | Reached skill level 5 in Ice Magic
  7700 | D:8      | Offered knowledge of Throw Flame by Vehumet.
  7772 | D:8      | Reached skill level 8 in Conjurations
  8409 | D:9      | Gained mutation: You evolve. [mutagenic meat]
  8410 | D:9      | Gained mutation: You are dopey. (Int -2) [mutagenic meat]
  8491 | D:9      | Reached skill level 5 in Spellcasting
  8549 | D:9      | Reached XP level 10. HP: 63/63 MP: 17/22
  8626 | D:9      | Offered knowledge of Throw Frost by Vehumet.
  8737 | D:9      | Found a staircase to the Orcish Mines.
  9107 | D:9      | Found an iron altar of Okawaru.
  9211 | D:9      | Reached skill level 9 in Conjurations
  9291 | D:9      | Reached skill level 1 in Transmutations
  9407 | D:9      | Found an opulent altar of Gozag.
  9410 | D:9      | Found a shattered altar of Ashenzari.
  9532 | D:9      | Found a glowing silver altar of Zin.
  9622 | D:9      | Acquired Vehumet's second power
  9652 | D:10     | Entered Level 10 of the Dungeon
  9675 | D:10     | Gained mutation: Your spells are a little harder to cast, but a little more powerful. [potion of mutation]
  9675 | D:10     | Gained mutation: You are robust (+10% HP). [potion of mutation]
  9675 | D:10     | Gained mutation: You are very dopey. (Int -4) [potion of mutation]
  9775 | D:10     | Noticed a hill giant
  9787 | D:10     | Killed a hill giant
 10134 | D:10     | Noticed Josephine
 10144 | D:10     | Identified the Volume of Unstable Talismans
 10152 | D:10     | Learned a level 6 spell: Freezing Cloud
 10193 | D:10     | Noticed Fannar
 10313 | D:10     | Killed Fannar
 10313 | D:10     | Reached skill level 5 in Charms
 10313 | D:10     | Reached XP level 11. HP: 44/74 MP: 25/25
 10515 | D:10     | Gained mutation: Your spells are harder to cast, but more powerful. [evolution]
 10515 | D:10     | Lost mutation: You evolve. [end of evolution]
 10603 | D:10     | Lost mutation: Your spells are harder to cast, but more powerful. [potion of cure mutation]
 10603 | D:10     | Lost mutation: You are robust (+10% HP). [potion of cure mutation]
 10603 | D:10     | Lost mutation: Your spells are a little harder to cast, but a little more powerful. [potion of cure mutation]
 10768 | D:10     | Offered knowledge of Static Discharge by Vehumet.
 11203 | D:10     | Noticed Grum
 11251 | D:10     | Killed Grum
 11634 | D:10     | Killed Josephine
 11911 | D:10     | Noticed Sonja
 11913 | D:10     | Killed Sonja
 11916 | D:10     | Acquired Vehumet's third power
 12037 | D:11     | Found a staircase to the Lair.
 12040 | D:11     | Noticed a hill giant
 12049 | D:11     | Killed a hill giant
 12160 | D:11     | Reached skill level 5 in Air Magic
 12163 | D:11     | Noticed a hill giant
 12182 | D:11     | Killed a hill giant
 12310 | D:11     | Offered knowledge of Throw Icicle by Vehumet.
 12426 | D:11     | Found a snail-covered altar of Cheibriados.
 12613 | D:10     | Mangled by a cyan ugly thing

Action                   |  1- 3 |  4- 6 |  7- 9 | 10-12 || total
-------------------------+-------+-------+-------+-------++-------
Melee: Unarmed           |    22 |    45 |       |    74 ||   141
       Hand axe          |       |     1 |    27 |       ||    28
       Staff             |       |       |    44 |    22 ||    66
 Cast: Magic Dart        |    79 |   125 |   111 |   101 ||   416
       Searing Ray       |       |    13 |    46 |    50 ||   109
       Dazzling Spray    |       |       |     9 |    18 ||    27
       Iskenderun's Batt |       |       |       |    22 ||    22
       Ice Form          |       |       |       |     1 ||     1
  Use: Scroll            |     9 |     5 |     5 |     8 ||    27
       Potion            |       |     3 |       |     9 ||    12
 Stab: Sleeping          |     1 |     1 |     1 |       ||     3
  Eat: Chunk             |     2 |    10 |    10 |    16 ||    38
       Pizza             |       |       |     1 |       ||     1
       Meat ration       |       |       |     2 |       ||     2
       Beef jerky        |       |       |       |     1 ||     1
       Fruit             |       |       |       |     2 ||     2
